 Dungeon Crawl Stone Soup version 0.28.0-53-g5a82cb258f (webtiles) character file.

Game seed: 8512452813861301100

443 firemarshallily the Covert (level 7, -1/41 HPs)
             Began as an Octopode Wanderer on July 28, 2022.
             Slain by Edmund
             ... wielding a +6 vorpal flail
              (12 damage)
             ... on level 5 of the Dungeon.
             The game lasted 00:10:45 (4196 turns).

firemarshallily the Covert (Octopode Wanderer)      Turns: 4196, Time: 00:10:46

Health: -1/41      AC:  5    Str:  8    XL:     7   Next: 2%
Magic:  8/8        EV: 14    Int: 12    God:
Gold:   160        SH:  0    Dex: 19    Spells: 4/8 levels left

rFire   . . .      SeeInvis .   f - +2 dagger (freeze)
rCold   . . .      Faith    .   (no shield)
rNeg    . . .      Spirit   .   c - +0 hat
rPois   .          Reflect  .   (no amulet)
rElec   .          Harm     .   o - ring of resist corrosion
rCorr   +          Rampage  .   (no ring)
Will    +....      Clarity  +   (no ring)
Stlth   +++++.....              (no ring)
HPRegen 0.13/turn               (no ring)
MPRegen 0.11/turn               (no ring)
                                (no ring)
                                (no ring)

@: no status effects
A: almost no armour, amphibious, 8 rings, camouflage 1, gelatinous body 1,
(nimble swimmer 1), tentacles, iridescent scales 2, clarity, strong-willed 1
a: no special abilities


You were on level 5 of the Dungeon.
You visited 1 branch of the dungeon, and saw 5 of its levels.

You collected 160 gold pieces.

Inventory:

Hand Weapons
 f - a +2 dagger of freezing (weapon)
Missiles
 a - 6 poisoned darts
 g - 134 stones
 i - 4 silver boomerangs
Armour
 c - a +0 hat (worn)
Jewellery
 o - a ring of resist corrosion (left tentacle)
Wands
 j - a wand of acid (9)
Scrolls
 b - a scroll of blinking
 d - a scroll of enchant weapon {unknown}
 k - 3 scrolls of teleportation
 m - a scroll of amnesia
 n - 2 scrolls of vulnerability {unknown}
Potions
 e - a potion of attraction
 l - a potion of brilliance {unknown}


   Skills:
 * Level 3.8 Short Blades
 + Level 3.3 Dodging
 * Level 8.8 Stealth
 - Level 1.0 Spellcasting
 + Level 3.4 Ice Magic


You had 4 spell levels left.
You knew the following spells:

 Your Spells              Type           Power      Damage    Failure   Level
a - Freeze                Ice            32%        1d5       8%          1
b - Frozen Ramparts       Ice            16%        1d3       22%         3

Your spell library contained the following spells:

 Spells                   Type           Power      Damage    Failure   Level
 Ozocubu's Armour         Ice            8%         N/A       22%         3
 Sandblast                Erth           0%         2d4       30%         1
 Passwall                 Tmut/Erth      0%         N/A       41%         2
 Stone Arrow              Conj/Erth      0%         3d7       65%         3
 Hailstorm                Conj/Ice       4%         3d4       83%         4


Dungeon Overview and Level Annotations

Branches:
Dungeon (5/15)
 Temple: D:4-7

Altars:

Annotations:
D:5 Edmund


Innate Abilities, Weirdness & Mutations

You cannot wear most types of armour.
You are amphibious.
You can wear up to eight rings at the same time.
Your skin changes colour to match your surroundings (Stealth+).
Your rubbery body absorbs attacks. (AC +1, EV +1)
((You are camouflaged when in or above water. (Stealth+)))
You have tentacles for arms and can constrict up to eight enemies at once.
You are mostly covered in iridescent scales. (AC +4)
You possess an exceptional clarity of mind.
You are strong-willed. (Will+)


Message History

The centaur skeleton closely misses you.
The centaur skeleton kicks you but does no damage.
The centaur skeleton barely misses you.
The centaur skeleton kicks you but does no damage.
You hit the centaur skeleton. You squeeze the centaur skeleton.
You destroy the centaur skeleton!
The water moccasin zombie bites you.
You hit the water moccasin zombie.
Your grab misses the water moccasin zombie.
The water moccasin zombie is lightly damaged.
The water moccasin zombie bites you.
You hit the water moccasin zombie. You grab the water moccasin zombie.
You squeeze the water moccasin zombie, but do no damage.
The water moccasin zombie is lightly damaged.
You constrict the water moccasin zombie.
The water moccasin zombie closely misses you.
You hit the water moccasin zombie. You squeeze the water moccasin zombie.
The water moccasin zombie is heavily damaged.
You constrict the water moccasin zombie.
The water moccasin zombie barely misses you.
You hit the water moccasin zombie. You squeeze the water moccasin zombie.
The water moccasin zombie is heavily damaged.
You constrict the water moccasin zombie.
The water moccasin zombie bites you but does no damage.
You barely miss the water moccasin zombie.
You squeeze the water moccasin zombie!
The water moccasin zombie is almost destroyed.
You constrict the water moccasin zombie.
The water moccasin zombie bites you but does no damage.
You hit the water moccasin zombie. You squeeze the water moccasin zombie.
You destroy the water moccasin zombie!
Edmund hits you with a +6 vorpal flail!
* * * LOW HITPOINT WARNING * * *
You have reached level 7!
Edmund says, "People think my brother is the best.
I think he's crazy."
Okay, then.
Edmund grinds his teeth, and then sighs.
There is an escape hatch in the ceiling here.
Edmund hits you with a +6 vorpal flail!
You die...

*,**,*,##........#*,* ***
,**,*,##........#**,**#.#
**,*,*#......#### *.##..#
*,*,*#.#........# #.#...#
,*,**.#.##.#.##.# #.....*
*,**,#,**#.#.##.###...##*
,**,*,***.,#...........#
**,*,**,..*##...@......#
*,*,**,..,* #...@......#
,*,**,...,* #..........#
*,**,,,,,,* #..........#
,**,,,,,,,**#.....#.#######*
**,,,,,,,,,...##.....#.....**
****,,,,,,.####............,**
****,,,..................,,*
***,,,,,***#...............,,*
,<,,,,,,**####.............,,*


You could see Edmund.

Vanquished Creatures
  An ogre (D:4)
  A water moccasin zombie (D:5)
  2 hounds (D:3)
  A bullfrog skeleton (D:4)
  A centaur skeleton (D:5)
  2 orc wizards
  A hound skeleton (D:2)
  5 adders
  A worm (D:4)
  2 dart slugs
  5 orcs
  7 ball pythons
  4 bats
  6 endoplasms
  2 giant cockroaches (D:3)
  8 goblins
  8 hobgoblins
  4 jackals (D:2)
  3 quokkas
  A frilled lizard (D:1)
  10 kobolds
  3 rats
78 creatures vanquished.

Vanquished Creatures (others)
  A plant (D:2)
1 creature vanquished.

Grand Total: 79 creatures vanquished

Notes
Turn   | Place    | Note
-------+----------+-------------------------------------------
     0 | D:1      | firemarshallily the Octopode Wanderer began the quest for
                  | the Orb.
     0 | D:1      | firemarshallily set off with the following items: a +2
                  | dagger, a scroll of blinking, a +0 hat; and the following
                  | spell memorised: Freeze; and the following spells available
                  | to memorise: Ozocubu's Armour
     0 | D:1      | Reached XP level 1. HP: 11/11 MP: 2/2
    51 | D:1      | Found a faded altar of an unknown god.
   384 | D:1      | Reached XP level 2. HP: 17/17 MP: 3/3
   779 | D:1      | Reached skill level 1 in Short Blades
  1105 | D:2      | Reached skill level 7 in Stealth
  1126 | D:2      | Reached XP level 3. HP: 19/21 MP: 4/4
  1414 | D:2      | Reached XP level 4. HP: 17/27 MP: 5/5
  1853 | D:2      | Learned a level 3 spell: Frozen Ramparts
  1953 | D:3      | Reached XP level 5. HP: 31/31 MP: 6/6
  2185 | D:3      | Gained mutation: Your flesh is cold resistant. (rC+)
                  | [potion of mutation]
  2185 | D:3      | Gained mutation: You are weak. (Str -2) [potion of
                  | mutation]
  2185 | D:3      | Lost mutation: Your flesh is cold resistant. (rC+) [potion
                  | of mutation]
  2185 | D:3      | Gained mutation: You possess an exceptional clarity of
                  | mind. [potion of mutation]
  2559 | D:3      | Reached skill level 8 in Stealth
  3204 | D:4      | Reached XP level 6. HP: 36/36 MP: 7/7
  3821 | D:4      | Lost mutation: You possess an exceptional clarity of mind.
                  | [potion of mutation]
  3821 | D:4      | Lost mutation: You are weak. (Str -2) [potion of mutation]
  3821 | D:4      | Gained mutation: You are strong-willed. (Will+) [potion of
                  | mutation]
  3821 | D:4      | Gained mutation: You possess an exceptional clarity of
                  | mind. [potion of mutation]
  3821 | D:4      | Gained mutation: You are partially covered in iridescent
                  | scales. (AC +2) [potion of mutation]
  3821 | D:4      | Gained mutation: You are mostly covered in iridescent
                  | scales. (AC +4) [potion of mutation]
  4158 | D:5      | Entered Level 5 of the Dungeon
  4181 | D:5      | Noticed Edmund
  4189 | D:5      | Reached XP level 7. HP: 10/41 MP: 8/8
  4196 | D:5      | Slain by Edmund

Illustrated notes

Levels and vault maps discovered:
D:1:      dpeg_arrival_erosion, layout_basic,
          shapermc_ecumenical_altar_notcrosses
D:2:      layout_basic, minmay_shallow_snake_nest
D:3:      layout_basic
D:4:      layout_basic
D:5:      minmay_inner_zag, layout_rooms, enter_ossuary_3, uniq_pikel,
          uniq_crazy_yiuf_cottage, uniq_edmund

Skill      XL: |  1  2  3  4  5 |
---------------+----------------+-----
Short Blades   | 1 2 3 |  3.8
Stealth        | 7 8 |  8.8
Ice Magic      | 3 |  3.4
Dodging        | 3 |  3.3
Spellcasting   | |  1.0

Action                   |  1- 3 |  4- 6 |  7- 9 || total
-------------------------+-------+-------+-------++-------
Melee: Dagger            |    59 |    98 |       ||   157
       Constrict         |    16 |    16 |       ||    32
       Tentacles         |     8 |    29 |       ||    37
  Use: Scroll            |       |     7 |       ||     7
       Potion            |       |     4 |       ||     4
 Stab: Sleeping          |    11 |    19 |       ||    30
       Distracted        |       |     2 |       ||     2
Armor: Skin              |       |    11 |       ||    11
Dodge: Dodged            |    34 |    36 |       ||    70
